SAAA
PHOENIX HOTSPUR RESERVES @ ALLOWAY HALBERDS
08/02/2026
 
TOP OF THE 1ST
Phoenix Hotspur Reserves batting - Pitching for Alloway Halberds : RHP Jim Unknown
Pitching: RHP Jim Unknown
Batting: RHB Jesús Álvarez 0-0: Called Strike
0-1: Called Strike
0-2: Ball
1-2: DOUBLE (Line Drive, 89D)
Batting: LHB Luis Díaz 0-0: Foul Ball, location: 2F
0-1: Foul Ball, location: 2F
0-2: Strikes out looking
Batting: RHB Satoshi Terada 0-0: Foul Ball, location: 2F
0-1: Foul Ball, location: 2F
0-2: Hit by Pitch
Batting: RHB Júlio Mateo 0-0: Foul Ball, location: 2F
0-1: Grounds into double play, 6-4-3 (Groundball, 6)
Top of the 1st over - 0 run(s), 1 hit(s), 0 error(s), 1 left on base; Phoenix 0 - Alloway 0
BOTTOM OF THE 1ST
Alloway Halberds batting - Pitching for Phoenix Hotspur Reserves : LHP Alejandro Guerra
Pitching: LHP Alejandro Guerra
Batting: LHB Esteban Casillas 0-0: Called Strike
0-1: DOUBLE (Groundball, 3L)
Batting: RHB Christovăo Galho 0-0: Called Strike
0-1: Called Strike
0-2: Fly out, F9 (Flyball, 9LM)
Batting: RHB Juan Salinas 0-0: Ball
1-0: Ground out 4-3 (Groundball, 4)
Esteban Casillas to third
Batting: RHB Sung-min Pae 0-0: Foul Ball, location: 2F
0-1: Ground out 6-3 (Groundball, 6)
Bottom of the 1st over - 0 run(s), 1 hit(s), 0 error(s), 1 left on base; Phoenix 0 - Alloway 0
TOP OF THE 2ND
Phoenix Hotspur Reserves batting - Pitching for Alloway Halberds : RHP Jim Unknown
Batting: SHB Roberto López 0-0: SINGLE (Groundball, 4MD)
Batting: RHB Marc Meertens 0-0: Ball
Throwing error on steal attempt, E2
Roberto López to third
1-0: Foul Ball, location: 2F
1-1: Fly out, F8 (Line Drive, 8LS)
Runner from 3rd tags up, SCORES, no throw
Batting: SHB Jesús González 0-0: Called Strike
0-1: Swinging Strike
0-2: Fly out, F9 (Flyball, 9)
Batting: RHB Hiwahikeiki Noelani 0-0: Ball
1-0: Fly out, F9 (Flyball, 9S)
Top of the 2nd over - 1 run(s), 1 hit(s), 1 error(s), 0 left on base; Phoenix 1 - Alloway 0
BOTTOM OF THE 2ND
Alloway Halberds batting - Pitching for Phoenix Hotspur Reserves : LHP Alejandro Guerra
Batting: RHB Rafael Delgado 0-0: Ball
1-0: SINGLE (Line Drive, 89S)
Batting: RHB Octávio Beltzán 0-0: Called Strike
0-1: Ball
1-1: Ball
2-1: Called Strike
2-2: Foul Ball, location: 2F
2-2: SINGLE (Groundball, 6MD)
Rafael Delgado to second
Batting: RHB Alfredo Chávez 0-0: Called Strike
0-1: Grounds into double play, U5-3 (Groundball, 5L)
Octávio Beltzán to second
Batting: RHB Pedro Orozco 0-0: Ball
1-0: Ball
2-0: Ball
3-0: Called Strike
3-1: Ground out 5-3 (Groundball, 56)
Bottom of the 2nd over - 0 run(s), 2 hit(s), 0 error(s), 1 left on base; Phoenix 1 - Alloway 0
TOP OF THE 3RD
Phoenix Hotspur Reserves batting - Pitching for Alloway Halberds : RHP Jim Unknown
Batting: RHB Pepe Reyes 0-0: Ball
1-0: Ball
2-0: Ball
3-0: Base on Balls
Batting: RHB Jesús Álvarez 0-0: Ball
1-0: Foul Ball, location: 2F
1-1: DOUBLE (Line Drive, 7LM)
Pepe Reyes to third
Batting: LHB Luis Díaz 0-0: Ground out 6-3 (Groundball, 6)
Pepe Reyes scores
Jesús Álvarez to third
Batting: RHB Satoshi Terada 0-0: Foul Ball, location: 2F
0-1: Ball
1-1: Ground out 5-3 (Groundball, 5)
Batting: RHB Júlio Mateo 0-0: Ball
1-0: Ball
2-0: Called Strike
2-1: Foul Ball, location: 2F
2-2: Foul Ball, location: 2F
2-2: Ball
3-2: SINGLE (Groundball, 6MD)
Jesús Álvarez scores
Batting: SHB Roberto López 0-0: Called Strike
0-1: Foul Ball, location: 2F
0-2: Ball
1-2: Foul Ball, location: 2F
1-2: Ball
Wild Pitch!
Júlio Mateo to second
2-2: Ball
3-2: Foul Ball, location: 2F
3-2: Base on Balls
Batting: RHB Marc Meertens 0-0: Ball
1-0: Swinging Strike
1-1: Swinging Strike
1-2: Foul Ball, location: 2F
1-2: Foul Ball, location: 2F
1-2: Strikes out swinging
Top of the 3rd over - 2 run(s), 2 hit(s), 0 error(s), 2 left on base; Phoenix 3 - Alloway 0
BOTTOM OF THE 3RD
Alloway Halberds batting - Pitching for Phoenix Hotspur Reserves : LHP Alejandro Guerra
Batting: RHB Jorge López 0-0: Ball
1-0: Swinging Strike
1-1: Foul Ball, location: 2F
1-2: Ball
2-2: Ball
3-2: Foul Ball, location: 2F
3-2: Foul Ball, location: 2F
3-2: Strikes out looking
Batting: LHB Esteban Casillas 0-0: Ball
1-0: Swinging Strike
1-1: Ball
2-1: Ground out U3 (Groundball, 34S)
Batting: RHB Christovăo Galho 0-0: Ball
1-0: Fly out, F9 (Flyball, 89M)
Bottom of the 3rd over - 0 run(s), 0 hit(s), 0 error(s), 0 left on base; Phoenix 3 - Alloway 0
TOP OF THE 4TH
Phoenix Hotspur Reserves batting - Pitching for Alloway Halberds : RHP Jim Unknown
Batting: SHB Jesús González 0-0: Called Strike
0-1: Ball
1-1: Ball
2-1: Ball
3-1: Base on Balls
Batting: RHB Hiwahikeiki Noelani 0-0: Ball
1-0: Ground out 4-3 (Groundball, 4MS)
Jesús González to second
Batting: RHB Pepe Reyes 0-0: Ball
1-0: Ball
2-0: Ball
3-0: Called Strike
3-1: Foul Ball, location: 2F
3-2: Strikes out swinging
Batting: RHB Jesús Álvarez 0-0: Foul Ball, location: 2F
0-1: Ball
1-1: Fly out, F3 (Popup, 3L)
Top of the 4th over - 0 run(s), 0 hit(s), 0 error(s), 1 left on base; Phoenix 3 - Alloway 0
BOTTOM OF THE 4TH
Alloway Halberds batting - Pitching for Phoenix Hotspur Reserves : LHP Alejandro Guerra
Batting: RHB Juan Salinas 0-0: Ball
1-0: Called Strike
1-1: Fly out, F4 (Line Drive, 4)
Batting: RHB Sung-min Pae 0-0: Foul Ball, location: 2F
0-1: Ball
1-1: Ball
2-1: Called Strike
2-2: Ground out 5-3 (Groundball, 25)
Batting: RHB Rafael Delgado 0-0: Ball
1-0: Swinging Strike
1-1: Ball
2-1: Ball
3-1: Fly out, F8 (Line Drive, 8RM)
Bottom of the 4th over - 0 run(s), 0 hit(s), 0 error(s), 0 left on base; Phoenix 3 - Alloway 0
TOP OF THE 5TH
Phoenix Hotspur Reserves batting - Pitching for Alloway Halberds : RHP Jim Unknown
Batting: LHB Luis Díaz 0-0: Ball
1-0: Ball
2-0: Foul Ball, location: 2F
2-1: Foul Ball, location: 2F
2-2: Foul Ball, location: 2F
2-2: Ball
3-2: Strikes out swinging
Batting: RHB Satoshi Terada 0-0: Called Strike
0-1: Fly out, F9 (Line Drive, 9)
Batting: RHB Júlio Mateo 0-0: Ball
1-0: Called Strike
1-1: Foul Ball, location: 2F
1-2: Foul Ball, location: 2F
1-2: Fly out, F9 (Line Drive, 9S)
Top of the 5th over - 0 run(s), 0 hit(s), 0 error(s), 0 left on base; Phoenix 3 - Alloway 0
BOTTOM OF THE 5TH
Alloway Halberds batting - Pitching for Phoenix Hotspur Reserves : LHP Alejandro Guerra
Batting: RHB Octávio Beltzán 0-0: Ball
1-0: SINGLE (Line Drive, 56D)
Batting: RHB Alfredo Chávez 0-0: Called Strike
0-1: Sac Bunt - play at first, batter safe!
Octávio Beltzán to second
Batting: RHB Pedro Orozco 0-0: Sac Bunt - play at first, batter OUT! 2-3
Octávio Beltzán to third
Alfredo Chávez to second
Batting: RHB Jorge López 0-0: Ball
1-0: DOUBLE (Flyball, 78D)
Octávio Beltzán scores
Alfredo Chávez scores
Batting: LHB Esteban Casillas 0-0: Ball
1-0: Fly out, F8 (Flyball, 8RD)
Runner from 2nd tags up, SAFE at 3rd, no throw
Batting: RHB Christovăo Galho 0-0: Foul Ball, location: 2F
0-1: Foul Ball, location: 2F
0-2: Ball
1-2: Ball
2-2: Reached on error, E6 (Groundball, 6)
Jorge López scores
Batting: RHB Juan Salinas 0-0: TRIPLE (Flyball, 7LS)
Christovăo Galho scores
Batting: RHB Sung-min Pae 0-0: Ball
1-0: Fly out, F8 (Line Drive, 8RM)
Bottom of the 5th over - 4 run(s), 4 hit(s), 1 error(s), 1 left on base; Phoenix 3 - Alloway 4
TOP OF THE 6TH
Phoenix Hotspur Reserves batting - Pitching for Alloway Halberds : RHP Jim Unknown
Batting: SHB Roberto López 0-0: Foul Ball, location: 2F
0-1: Fly out, F7 (Flyball, 7)
Batting: RHB Marc Meertens 0-0: Foul Ball, location: 2F
0-1: Ball
1-1: Foul Ball, location: 2F
1-2: Ball
2-2: Strikes out looking
Batting: SHB Jesús González 0-0: Ball
1-0: Swinging Strike
1-1: Ball
2-1: Ball
3-1: Foul Ball, location: 2F
3-2: Foul Ball, location: 2F
3-2: Fly out, F7 (Line Drive, 7)
Top of the 6th over - 0 run(s), 0 hit(s), 0 error(s), 0 left on base; Phoenix 3 - Alloway 4
BOTTOM OF THE 6TH
Alloway Halberds batting - Pitching for Phoenix Hotspur Reserves : LHP Alejandro Guerra
Batting: RHB Rafael Delgado 0-0: Foul Ball, location: 2F
0-1: Called Strike
0-2: Ball
1-2: Ball
2-2: Foul Ball, location: 2F
2-2: Reached via error on a dropped throw, E3
Batting: RHB Octávio Beltzán 0-0: Called Strike
0-1: Ball
1-1: Swinging Strike
1-2: Strikes out swinging
Batting: RHB Alfredo Chávez 0-0: Called Strike
0-1: Ball
1-1: Ball
Rafael Delgado is caught stealing 2nd base
2-1: Ball
3-1: Foul Ball, location: 2F
3-2: SINGLE (Groundball, 56S) (infield hit)
Batting: RHB Pedro Orozco 0-0: Called Strike
Pickoff Throw to First - Out!
Bottom of the 6th over - 0 run(s), 1 hit(s), 1 error(s), 0 left on base; Phoenix 3 - Alloway 4
TOP OF THE 7TH
Phoenix Hotspur Reserves batting - Pitching for Alloway Halberds : RHP Jim Unknown
Batting: RHB Hiwahikeiki Noelani 0-0: Ball
1-0: Ball
2-0: Called Strike
2-1: Ball
3-1: Foul Ball, location: 2F
3-2: Strikes out looking
Batting: RHB Pepe Reyes 0-0: Ball
1-0: Foul Ball, location: 2F
1-1: Called Strike
1-2: Strikes out looking
Batting: RHB Jesús Álvarez 0-0: Ball
1-0: Foul Ball, location: 2F
1-1: Ball
2-1: Foul Ball, location: 2F
2-2: Ball
3-2: Foul Ball, location: 2F
3-2: SINGLE (Line Drive, 6MD)
Pitching: RHP Jim Unknown
Batting: LHB Luis Díaz 0-0: Swinging Strike
0-1: Ball
1-1: Foul Ball, location: 2F
1-2: Ball
2-2: Foul Ball, location: 2F
2-2: Ground out 4-3 (Groundball, 34D)
Top of the 7th over - 0 run(s), 1 hit(s), 0 error(s), 1 left on base; Phoenix 3 - Alloway 4
BOTTOM OF THE 7TH
Alloway Halberds batting - Pitching for Phoenix Hotspur Reserves : LHP Alejandro Guerra
Batting: RHB Pedro Orozco 0-0: Foul Ball, location: 2F
0-1: Foul Ball, location: 2F
0-2: SINGLE (Groundball, 56D)
Batting: RHB Jorge López 0-0: Sac Bunt - play at second, runner OUT! 5-6
Batting: LHB Esteban Casillas 0-0: Foul Ball, location: 2F
0-1: Ball
1-1: Ball
2-1: Ball
3-1: 2-RUN HOME RUN (Flyball, 8LXD), Distance : 438 ft
Pitching: RHP Richard Carlson
Batting: RHB Christovăo Galho 0-0: Ball
1-0: Swinging Strike
1-1: Ball
2-1: Ball
3-1: Ground out U3 (Groundball, 34)
Batting: RHB Juan Salinas 0-0: Ball
1-0: Foul Ball, location: 2F
1-1: Called Strike
1-2: Ball
2-2: Ball
3-2: SINGLE (Groundball, 6MD)
Batting: RHB Sung-min Pae 0-0: Ball
1-0: Called Strike
1-1: Ball
2-1: Ball
Juan Salinas is caught stealing 2nd base
Bottom of the 7th over - 2 run(s), 3 hit(s), 0 error(s), 0 left on base; Phoenix 3 - Alloway 6
TOP OF THE 8TH
Phoenix Hotspur Reserves batting - Pitching for Alloway Halberds : RHP Jim Unknown
Batting: RHB Satoshi Terada 0-0: Swinging Strike
0-1: Ball
1-1: Called Strike
1-2: Fly out, F9 (Flyball, 89D)
Batting: RHB Júlio Mateo 0-0: Ground out 5-3 (Groundball, 56S)
Batting: SHB Roberto López 0-0: Ball
1-0: Foul Ball, location: 2F
1-1: Foul Ball, location: 2F
1-2: Ground out 1-3 (Groundball, 13S)
Top of the 8th over - 0 run(s), 0 hit(s), 0 error(s), 0 left on base; Phoenix 3 - Alloway 6
BOTTOM OF THE 8TH
Alloway Halberds batting - Pitching for Phoenix Hotspur Reserves : RHP Richard Carlson
Batting: RHB Sung-min Pae 0-0: Ball
1-0: Ball
2-0: Ball
3-0: Base on Balls
Batting: RHB Rafael Delgado 0-0: Ball
1-0: SINGLE (Line Drive, 6M)
Sung-min Pae to second
Batting: RHB Octávio Beltzán 0-0: Ball
1-0: Reached on error, E2 (Groundball, 2R)
Sung-min Pae scores
Rafael Delgado to third
Batting: RHB Alfredo Chávez 0-0: Fly out, F9 (Flyball, 9LM)
Runner from 3rd tags up, SCORES, no throw
Batting: RHB Pedro Orozco 0-0: Ball
1-0: Foul Ball, location: 2F
1-1: Ball
2-1: Called Strike
2-2: Ball
3-2: Strikes out looking
Batting: RHB Jorge López 0-0: 2-RUN HOME RUN (Flyball, 7LD), Distance : 355 ft
Batting: LHB Esteban Casillas 0-0: Ball
1-0: Ball
2-0: Ball
3-0: Called Strike
3-1: Foul Ball, location: 2F
3-2: Foul Ball, location: 2F
3-2: Base on Balls
Batting: RHB Christovăo Galho 0-0: Called Strike
0-1: Ball
1-1: SINGLE (Flyball, 89M)
Esteban Casillas to second
Runner from 2nd tries for 3rd, SAFE, throw made to third
Batting: RHB Juan Salinas 0-0: Called Strike
0-1: Ball
1-1: Ball
2-1: Ball
3-1: Called Strike
3-2: DOUBLE (Flyball, 78D)
Esteban Casillas scores
Christovăo Galho to third
Christovăo Galho scores
Pitching: RHP Alin Oanta
Batting: RHB Sung-min Pae 0-0: Ball
1-0: Called Strike
1-1: SINGLE (Line Drive, 8LS)
Juan Salinas to third
Batting: RHB Rafael Delgado 0-0: Ball
1-0: Ball
2-0: Ball
3-0: Base on Balls
Sung-min Pae to second
Batting: RHB Octávio Beltzán 0-0: Called Strike
0-1: Foul Ball, location: 2F
0-2: Ball
1-2: Ball
2-2: Strikes out swinging
Bottom of the 8th over - 6 run(s), 5 hit(s), 1 error(s), 3 left on base; Phoenix 3 - Alloway 12
TOP OF THE 9TH
Phoenix Hotspur Reserves batting - Pitching for Alloway Halberds : RHP Jim Unknown
Batting: RHB Marc Meertens 0-0: Fly out, F9 (Flyball, 9S)
Batting: SHB Jesús González 0-0: Ball
1-0: Ball
2-0: Foul Ball, location: 2F
2-1: Ball
3-1: Called Strike
3-2: SINGLE (Flyball, 8LS)
Batting: RHB Hiwahikeiki Noelani 0-0: Called Strike
0-1: Fly out, F7 (Flyball, 7D)
Runner from 1st tags up, SAFE at 2nd
Batting: RHB Pepe Reyes 0-0: Fly out, F4 (Popup, 34)
Top of the 9th over - 0 run(s), 1 hit(s), 0 error(s), 1 left on base; Phoenix 3 - Alloway 12
Monday, March 20th, 2017 - OOTP Baseball 17.12 Build 75